 Dungeon Crawl Stone Soup version 0.26-a0-682-g294304f6e8 (webtiles) character file.

Game seed: 18033019636864727449

684 Cookdom the Conjurer (level 7, 0/48 HPs)
             Began as a Human Conjurer on Oct 21, 2020.
             Slain by an iguana (6 damage)
             ... on level 5 of the Dungeon on Oct 22, 2020.
             The game lasted 01:53:28 (4297 turns).

Cookdom the Conjurer (Human Conjurer)               Turns: 4297, Time: 01:53:33

Health: 0/48       AC:  7    Str:  7 (8)  XL:     7   Next: 93%
Magic:  5/13       EV: 10    Int: 18 (19) God:
Gold:   162        SH:  0    Dex: 10 (12) Spells: 13/14 levels left

rFire    . . .     SeeInvis .   D - +2 short sword (freeze)
rCold    . . .     Faith    .   (no shield)
rNeg     . . .     Spirit   .   b - +0 ring mail
rPois    .         Reflect  .   F - +0 helmet
rElec    .         Harm     .   (no cloak)
rCorr    .         Rampage  .   f - +0 pair of gloves
MR       .....                  (no boots)
Stlth    +.........             j - amulet of inaccuracy (curse)
HPRegen  0.16/turn              (no ring)
MPRegen  0.13/turn              (no ring)

@: very slightly contaminated
A: no striking features
a: no special abilities


You were on level 5 of the Dungeon.
You visited 2 branches of the dungeon, and saw 6 of its levels.

You collected 246 gold pieces.
You spent 84 gold pieces at shops.

Inventory:

Hand Weapons
 a - a +0 halberd
 e - a +0 short sword
 g - a +0 club
 i - a +1 vorpal mace
 l - a +1 dagger
 s - a +0 dagger of speed
 x - a +0 war axe
 y - a +0 mace
 D - a +2 short sword of freezing (weapon)
 G - a +0 hunting sling
Missiles
 c - 29 arrows
 o - 15 boomerangs (quivered)
 u - 9 sling bullets
 H - 42 stones
 K - 13 bolts
 N - 14 poisoned darts
Armour
 b - a +0 ring mail (worn)
 d - a +0 leather armour
 f - a +0 pair of gloves (worn)
 p - a cursed +0 leather armour
 C - a +0 scale mail
 F - a +0 helmet (worn)
 L - a +0 ring mail
 M - a +4 chain mail of fire resistance
 O - a +0 chain mail
Magical Staves
 z - an uncursed staff of death {unknown}
Jewellery
 j - a cursed amulet of inaccuracy (around neck)
 q - an uncursed ring of resist corrosion {unknown}
 w - a cursed -4 ring of slaying {unknown}
Wands
 B - a wand of flame (8)
Scrolls
 h - a scroll of magic mapping
 n - a scroll of blinking
Potions
 k - a potion of heal wounds {unknown}
 m - 2 potions of berserk rage {unknown}
 r - a potion of mutation {unknown}
 v - a potion of magic {unknown}
 A - a potion of lignification {unknown}
 I - a potion of curing {unknown}


   Skills:
 + Level 1.3 Fighting
 + Level 2.3 Short Blades
 + Level 0.1 Maces & Flails
 + Level 0.1 Slings
 + Level 2.9 Armour
 + Level 2.4 Dodging
 + Level 2.3 Stealth
 + Level 4.2 Spellcasting
 + Level 6.1 Conjurations
 + Level 0.5 Evocations


You had 13 spell levels left.
You knew the following spells:

 Your Spells              Type           Power        Failure   Level
a - Magic Dart            Conj           ####         3%          1

Your spell library contained the following spells:

 Spells                   Type           Power        Failure   Level
 Searing Ray              Conj           ####..       5%          2
 Dazzling Flash           Conj/Hex       ##....       36%         3
 Fulminant Prism          Conj/Hex       ##........   78%         4
 Iskenderun's Mystic Bla  Conj/Tloc      ##......     78%         4


Dungeon Overview and Level Annotations

Branches:
Dungeon (5/15)             Temple (1/1) D:4

Altars:
Ashenzari
Cheibriados
Dithmenos
Elyvilon
Fedhas
Gozag
Hepliaklqana
Kikubaaqudgha
Makhleb
Nemelex Xobeh
Qazlal
Trog
Vehumet
Wu Jian
Zin
The Shining One

Shops:
D:4 }


Message History

The iguana is almost dead.
The iguana hisses menacingly.
The iguana closely misses you.
Casting: Magic Dart (safe; 3% risk of failure)
Confirm with . or Enter, or press ? or * to list all spells.
Aiming: Magic Dart (safe; 3% risk of failure)
Press: ? - help, Shift-Dir - straight line, f/p - iguana
Aim: an iguana (almost dead)
You miscast Magic Dart.
You are very lightly contaminated with residual magic.
Nothing appears to happen.
The iguana closely misses you.
Casting: Magic Dart (safe; 3% risk of failure)
Confirm with . or Enter, or press ? or * to list all spells.
Aiming: Magic Dart (safe; 3% risk of failure)
Press: ? - help, Shift-Dir - straight line, f/p - iguana
Aim: an iguana (almost dead)
The magic dart hits the iguana but does no damage.
The iguana is almost dead.
The iguana bites you.
You die...

....#.#.## #..#.# .##.##.#.#
#####.####### #..#.#..##.##.#.#
..#.........####....#!.##....#.#
#+#.#.#####.##........# ######.#
......# #...##........+ .#
...#### #.####........# ## ...#
#.# #........# ...# #.#
#..l.....# ...# #.# #..@.....#
...# #.# #........# ...# #.#
##........# ...# #.# #....######
#'## #.# #....# #.#
#.###....##### #.#
#.#..........# ..#
#.#.†........# ###
#.#..........#


You could see an iguana.

Vanquished Creatures
  An ogre (D:4)
  A phantom (D:4)
  2 scorpions
  A howler monkey (D:4)
  Jessica (D:2)
  An iguana (D:2)
  Terence (D:3)
  2 worker ants
  Robin (D:3)
  4 gnolls (D:4)
  8 adders
  2 river rats (D:3)
  An ufetubus (D:5)
  An ooze (D:1)
  An adder skeleton (D:4)
  2 dart slugs (D:2)
  4 leopard geckos
  8 orcs
  4 ball pythons (D:3)
  4 giant cockroaches
  5 hobgoblins
  5 jackals
  2 quokkas
  7 bats
  5 frilled lizards
  16 goblins
  6 kobolds
  6 rats
102 creatures vanquished.

Notes
Turn   | Place    | Note
-------+----------+-------------------------------------------
     0 | D:1      | Cookdom the Human Conjurer began the quest for the Orb.
     0 | D:1      | Reached XP level 1. HP: 13/13 MP: 3/3
   238 | D:1      | Reached XP level 2. HP: 12/19 MP: 1/5
   703 | D:1      | Reached XP level 3. HP: 23/24 MP: 1/6
   853 | D:2      | Noticed Jessica
   862 | D:2      | Killed Jessica
   862 | D:2      | Reached skill level 5 in Conjurations
   862 | D:2      | Reached XP level 4. HP: 26/30 MP: 0/7
  1378 | D:2      | Reached skill level 1 in Armour
  1581 | D:2      | Reached XP level 5. HP: 15/35 MP: 0/9
  1686 | D:2      | You fall into a shaft and drop 2 floors!
  1686 | D:4      | Found Etuemem's Gadget Shoppe.
  1687 | D:4      | Found a staircase to the Ecumenical Temple.
  1708 | Temple   | Entered the Ecumenical Temple
  1863 | D:4      | Noticed an ogre
  1881 | D:4      | Killed an ogre
  1881 | D:4      | Reached XP level 6. HP: 33/41 MP: 1/11
  1933 | D:4      | Bought a wand of flame (10) for 84 gold pieces
  1985 | D:3      | Noticed Robin
  2312 | D:3      | Noticed Terence
  2352 | D:3      | Killed Terence
  2822 | D:3      | Killed Robin
  3202 | D:4      | Reached XP level 7. HP: 34/46 MP: 6/12
  3205 | D:4      | Reached skill level 1 in Short Blades
  3395 | D:4      | Reached skill level 6 in Conjurations
  3411 | D:4      | Reached skill level 1 in Fighting
  3636 | D:5      | Entered Level 5 of the Dungeon
  4297 | D:5      | Slain by an iguana

Illustrated notes

Levels and vault maps discovered:
D:1:      eino_arrival_cavern_d, layout_basic
D:2:      layout_basic, uniq_jessica
D:3:      layout_loops_cross, portal_sewer_entry_a, uniq_robin, uniq_terence
D:4:      minmay_angry_zag, layout_cave_pods,
          minmay_temple_entry_statues_pillars, serial_shops,
          nicolae_shop_statue_plus
D:5:      layout_basic
Temple:   eino_temple_rhombus

Skill      XL: |  1  2  3  4  5  6  7 |
---------------+----------------------+-----
Conjurations   | 5 6 |  6.1
Armour         | 1 2 |  2.9
Spellcasting   | 3 4 |  4.2
Short Blades   | 2 |  2.3
Fighting       | 1 |  1.3
Maces & Flails | |  0.1
Slings         | |  0.1
Dodging        | |  2.4
Stealth        | |  2.3
Evocations     | |  0.5

Action                   |  1- 3 |  4- 6 |  7- 9 || total
-------------------------+-------+-------+-------++-------
Melee: Club              |     6 |       |       ||     6
       Dagger            |     9 |    30 |       ||    39
       Short sword       |       |    32 |    69 ||   101
 Fire: Hunting sling     |       |     6 |       ||     6
 Cast: Magic Dart        |    42 |   149 |    73 ||   264
Evoke: Wand              |       |     2 |       ||     2
  Use: Scroll            |     1 |     4 |     4 ||     9
       Potion            |       |       |     1 ||     1
Armor: Leather armour    |    10 |     1 |       ||    11
       Ring mail         |       |    54 |    14 ||    68
       Chain mail        |       |       |    18 ||    18
Dodge: Dodged            |    13 |    98 |    37 ||   148

Table legend: (Time is in decaauts)
 A = Elapsed time spent in this place.
 B = Non-inter-level travel time spent in this place.
 C = Inter-level travel time spent in this place.
 D = Time resting spent in this place.
 E = Time spent auto-exploring this place.
 F = Levels seen in this place.
 G = Mean time per level.
                   A        B        C        D        E       F      G
               +--------+--------+--------+--------+--------+-----+--------+
         Total |   4305 |   4303 |      2 |    423 |      0 |   6 |  717.5 |
       Dungeon |   4165 |   4163 |      2 |    423 |      0 |   5 |  833.0 |
        Temple |    139 |    139 |      0 |      0 |      0 |   1 |  139.0 |
               +--------+--------+--------+--------+--------+-----+--------+

Top non-repeatable levels by time:
     D:4: 1157 daAuts
     D:3: 964 daAuts
     D:2: 906 daAuts
     D:1: 779 daAuts
     D:5: 358 daAuts
  Temple: 139 daAuts
